 Dungeon Crawl Stone Soup version 0.21-a0-440-g28109cb (webtiles) character file.

87 kae the Chopper (level 4, -5/41 HPs)
             Began as a Hill Orc Fighter on Nov 11, 2017.
             Killed from afar by an orc wizard (9 damage)
             ... with a magic dart
             ... on level 3 of the Dungeon on Nov 12, 2017.
             The game lasted 00:01:21 (1671 turns).

kae the Chopper (Hill Orc Fighter)                  Turns: 1671, Time: 00:01:21

Health: -5/41      AC:  8    Str: 19    XL:     4   Next: 51%
Magic:  4/4        EV:  5    Int:  8    God:
Gold:   135        SH: 13    Dex: 10    Spells: 3/3 levels left

rFire    . . .     SeeInvis .   a - +0 war axe
rCold    . . .     Gourm    .   h - +0 large shield
rNeg     . . .     Faith    .   b - +0 scale mail
rPois    .         Spirit   .   (no helmet)
rElec    .         Reflect  .   j - +0 cloak
rCorr    .         Harm     .   (no gloves)
MR       .....                  (no boots)
Stlth    ..........             (no amulet)
HPRegen  0.13/turn              (no ring)
MPRegen  0.09/turn              (no ring)

@: no status effects
A: no striking features
a: no special abilities


You were on level 3 of the Dungeon.
You were near starving.

You visited 1 branch of the dungeon, and saw 3 of its levels.

You collected 135 gold pieces.

Inventory:

Hand Weapons
 a - a +0 war axe (weapon)
Armour
 b - a +0 scale mail (worn)
 c - a +0 shield
 h - a +0 large shield (worn)
 j - a +0 cloak (worn)
Jewellery
 e - a +5 ring of strength {unknown}
Wands
 p - a wand of digging (8/24)
Scrolls
 g - 2 scrolls of teleportation {unknown}
 i - a scroll of identify {unknown}
 l - a scroll of magic mapping {unknown}
 m - a scroll of amnesia {unknown}
Potions
 d - 2 potions of might
 o - a potion of flight {unknown}
 q - a potion of degeneration {unknown}
Comestibles
 f - a bread ration
 n - a royal jelly


   Skills:
 + Level 4.3 Fighting
 * Level 4.4 Axes
 + Level 3.8 Armour
 + Level 3.7 Shields


You had 3 spell levels left.
You didn't know any spells.

Dungeon Overview and Level Annotations

Branches:
Dungeon (3/15)

Altars:
Sif Muna

Annotations:
D:3 darxusza's ghost, amateur MiMo


Message History

A magic dart appears from out of thin air!
The magic dart hits you!
* * * LOW HITPOINT WARNING * * *
You feel better. Something hits you but does no damage.
Your shield and scale mail prevent you from hitting something.
Something hits you.
* * * LOW HITPOINT WARNING * * *
Something hits you but does no damage.
You miss something.
You hear some strange, mumbled words.
A puff of flame appears from out of thin air!
The puff of flame hits you!
You hear some strange, mumbled words.
A magic dart appears from out of thin air!
The magic dart hits you!
* * * LOW HITPOINT WARNING * * *
Something hits you but does no damage.
A magic dart appears from out of thin air!
The magic dart hits you!
You die...

#### #...# #
#...### .#
#...#<##### .#
#..W#.....#
#####.))#.....#
........#.....#
######..#.#####
#####..#.#
#......@.#
#.###..### #..#
#..# #..# .(.#
....# .#..


You could see darxusza's ghost.

Vanquished Creatures
  3 adders
  An ooze (D:1)
  2 leopard geckos (D:2)
  4 orcs (D:3)
  3 bats (D:1)
  3 giant cockroaches (D:1)
  10 goblins
  7 hobgoblins
  3 frilled lizards
  6 kobolds
  7 rats
49 creatures vanquished.

Notes
Turn   | Place    | Note
-------+----------+-------------------------------------------
     0 | D:1      | kae the Hill Orc Fighter began the quest for the Orb.
     0 | D:1      | Reached XP level 1. HP: 19/19 MP: 1/1
   263 | D:1      | Reached XP level 2. HP: 22/27 MP: 2/2
   565 | D:1      | Reached XP level 3. HP: 31/33 MP: 3/3
  1076 | D:2      | Reached XP level 4. HP: 40/40 MP: 4/4
  1305 | D:2      | Found a deep blue altar of Sif Muna.
  1432 | D:3      | Noticed darxusza's ghost (amateur MiMo)
  1671 | D:3      | Killed from afar by an orc wizard

Vault maps used:
D:1:      lemuel_arrival_muddy
D:2:      led_sif_pool
D:3:      chequers_ecumenical_altar_simple_redux, serial_bayou_pond_e

Skill      XL: |  1  2  3 |
---------------+----------+-----
Axes           | 3 4 |  4.4
Fighting       | 4 |  4.3
Armour         | |  3.8
Shields        | |  3.7

Action                   |  1- 3 |  4- 6 || total
-------------------------+-------+-------++-------
Melee: War axe           |    79 |    55 ||   134
  Use: Potion            |       |     2 ||     2
  Eat: Chunk             |     1 |       ||     1
Armor: Scale mail        |    19 |    26 ||    45
Dodge: Dodged            |    16 |    10 ||    26
Block: Shield            |     7 |       ||     7
       Large shield      |    51 |    37 ||    88

Table legend:
 A = Spawn XP
 B = Non-spawn XP
 C = Spawn XP percentage of total XP
 D = Spawn monster count
 E = Non-spawn monster count
 F = Spawn count percentage of total count
 G = Total turns spent on level
                    A         B        C        D         E        F      G
               +---------+---------+-------+---------+---------+-------+---------
         Total |       0 |     125 |   0.0 |       0 |      49 |   0.0 |  1671
               +---------+---------+-------+---------+---------+-------+---------
           D:1 |       0 |      43 |   0.0 |       0 |      23 |   0.0 |   817
           D:2 |       0 |      54 |   0.0 |       0 |      19 |   0.0 |   657
           D:3 |       0 |      28 |   0.0 |       0 |       7 |   0.0 |   197
               +---------+---------+-------+---------+---------+-------+---------
